[Event "Titled Tuesday Blitz February 28 Early 2023"]
[White "Berkes, Ferenc"]
[Black "Mirzanurov, Bulat"]
[WhiteFideId "718572"]
[BlackFideId "4184521"]
[WhiteElo "2664"]
[BlackElo "2019"]
[Result "1-0"]
[Round "08"]
[TimeControl "180+2"]
[Date "2023.02.28"]
[WhiteClock "0:00:18"]
[BlackClock "0:00:23"]

1. e4 c5 2. Nf3 d6 3. d4 cxd4 4. Nxd4 Nf6 5. Nc3 a6 6. Bg5 Nbd7 7. f4 Qa5 8. Nb3 Qc7 9. Qe2 e6 10. O-O-O Be7 11. g4 O-O 12. h4 b5 13. Bxf6 Nxf6 14. g5 Nd7 15. h5 b4 16. Nb1 a5 17. g6 h6 18. gxf7+ Rxf7 19. Nd4 Nc5 20. f5 e5 21. Nf3 Bb7 22. Nbd2 a4 23. Qc4 b3 24. Kb1 bxa2+ 25. Qxa2 Nxe4 26. Bc4 d5 27. Bxd5 Bxd5 28. Qxd5 Nc3+ 29. bxc3 Rb8+ 30. Nb3 axb3 31. Nxe5 bxc2+ 32. Kxc2 Bf6 33. Qxf7+ Qxf7 34. Nxf7 Kxf7 35. Rd3 Rb5 36. Rf3 Be5 37. Rd1 Kf6 38. Kd3 Rc5 39. c4 Bc7 40. Rb1 Rc6 41. Rb5 Rd6+ 42. Rd5 Rc6 43. c5 Ra6 44. Kc4 Ra4+ 45. Kb5 Rh4 46. Rd7 Be5 47. c6 Rxh5 48. c7 Bxc7 49. Rxc7 Rxf5+ 50. Rxf5+ Kxf5 51. Rxg7 h5 52. Kc4 h4 53. Kd3 Kf4 54. Ke2 h3 55. Kf2 1-0


[Site "https://www.chess.com"]

[Event "Titled Tuesday Blitz February 28 Early 2023"]
[White "Van Dael, Siem"]
[Black "Kislov, Oleg"]
[WhiteFideId "1049771"]
[BlackFideId "13503774"]
[WhiteElo "2336"]
[BlackElo "2186"]
[Result "1/2-1/2"]
[Round "08"]
[TimeControl "180+2"]
[Date "2023.02.28"]
[WhiteClock "0:00:23"]
[BlackClock "0:00:17"]

1. e4 c5 2. Nf3 Nc6 3. d4 cxd4 4. Nxd4 e5 5. Nb5 d6 6. c4 Be7 7. N5c3 Nf6 8. Bd3 O-O 9. O-O Be6 10. Nd5 Bxd5 11. cxd5 Nd4 12. Be3 Nd7 13. Na3 a6 14. Nc2 Nxc2 15. Qxc2 Rc8 16. Qb3 b5 17. a4 Nc5 18. Bxc5 Rxc5 19. axb5 axb5 20. Rfc1 Qb6 21. Rxc5 Qxc5 22. Qxb5 Qxb5 23. Bxb5 Rb8 24. Bc6 Rxb2 25. Ra8+ Bf8 26. g3 g6 27. Kg2 Kg7 28. h4 h5 29. Ra7 Rb8 30. Bd7 Kf6 31. Kh3 Be7 32. f3 Bd8 33. Be8 Be7 34. Bc6 Rb3 35. Kg2 Rb2+ 36. Kg1 Bd8 37. Rb7 Rxb7 38. Bxb7 g5 39. hxg5+ Kxg5 40. Bc6 h4 41. Kg2 Ba5 42. Be8 f6 43. Bd7 Be1 44. f4+ exf4 45. gxh4+ Bxh4 46. Kf3 Bg3 47. Bg4 Kh6 48. Bf5 Kg7 49. Kg4 Kf8 50. Kh5 Ke7 51. Kg4 Kd8 52. Kf3 Kc7 53. Ke2 Kb6 54. Bg4 Kc5 55. Kd3 Kb4 56. Bf3 Kb3 57. Bd1+ Kb2 58. Be2 Kc1 59. Bf3 Bf2 60. Bg4 Bc5 61. Bh5 Ba3 62. Kc3 Bb2+ 63. Kd3 Be5 64. Ke2 Kc2 65. Kf3 Kd3 66. Bg4 Kd4 67. Be6 1/2-1/2


[Site "https://www.chess.com"]

[Event "Titled Tuesday Blitz February 28 Early 2023"]
[White "Nguyen Hong Nhung"]
[Black "Sarkar, Justin"]
[WhiteFideId "12412201"]
[BlackFideId "2010011"]
[WhiteElo "1904"]
[BlackElo "2189"]
[Result "0-1"]
[Round "08"]
[TimeControl "180+2"]
[Date "2023.02.28"]
[WhiteClock "0:00:09"]
[BlackClock "0:00:05"]

1. e4 e5 2. Nf3 Nc6 3. d4 exd4 4. Nxd4 Nf6 5. Nc3 Bb4 6. Nxc6 bxc6 7. Bd3 d5 8. exd5 Qe7+ 9. Qe2 Qxe2+ 10. Bxe2 Nxd5 11. Bd2 Nxc3 12. bxc3 Bd6 13. Bf3 Bd7 14. O-O O-O 15. c4 Rab8 16. Bc3 Rfe8 17. Rfd1 c5 18. Rd2 Be6 19. Bd5 Bxd5 20. cxd5 Re4 21. f3 Rc4 22. Ba5 Rb5 23. Bxc7 Bxc7 24. d6 Ba5 25. d7 Rd4 26. Re2 g6 27. Re8+ Kg7 28. a4 Rb7 29. d8=Q Rxd8 30. Re4 Bc3 31. Ra3 Bd4+ 32. Kf1 Rb2 33. c3 Bf6 34. Re2 Rd1+ 35. Kf2 Rdd2 36. Rxd2 Rxd2+ 37. Kg3 Rc2 38. a5 Rxc3 39. Ra4 c4 40. a6 Rc2 41. Rb4 c3 42. Rb7 Ra2 43. Rxa7 c2 44. f4 Bd4 45. Rc7 Be3 46. a7 c1=Q 47. Rxc1 Bxc1 48. f5 Rxa7 49. f6+ Kxf6 50. Kh4 Bd2 51. g4 h5 52. g5+ Bxg5+ 53. Kh3 Ra3+ 54. Kg2 Ra2+ 55. Kh3 Rxh2+ 56. Kg3 Bf4+ 57. Kxf4 g5+ 58. Kg3 Rd2 59. Kf3 Kf5 60. Ke3 Ra2 61. Kf3 h4 62. Ke3 Ra4 63. Kf2 Ke4 64. Kg2 Ra3 65. Kh2 g4 66. Kg2 Ra2+ 67. Kh1 Kf3 68. Kg1 g3 69. Kf1 Ra1# 0-1


[Site "https://www.chess.com"]

[Event "Titled Tuesday Blitz February 28 Early 2023"]
[White "Belov, Alexei"]
[Black "Skaric, Djuro"]
[WhiteFideId "4128206"]
[BlackFideId "934569"]
[WhiteElo "2495"]
[BlackElo "2282"]
[Result "1-0"]
[Round "08"]
[TimeControl "180+2"]
[Date "2023.02.28"]
[WhiteClock "0:00:14"]
[BlackClock "0:00:11"]

1. e4 d6 2. d4 g6 3. Nc3 Bg7 4. f4 Nf6 5. Nf3 O-O 6. Be3 Ng4 7. Bg1 e5 8. dxe5 Nc6 9. h3 Nh6 10. exd6 cxd6 11. Bd3 Re8 12. Qd2 Nf5 13. O-O-O Nfd4 14. Nxd4 Nxd4 15. Nd5 Be6 16. Bxd4 Bxd4 17. Bb5 Bg7 18. Bxe8 Qxe8 19. Nc7 Qa4 20. Nxa8 Qxa2 21. Qb4 a5 22. Qxb7 a4 23. Kd2 Bxb2 24. Nc7 Qc4 25. Qxb2 Qxc7 26. Ke3 Qa5 27. Rd3 g5 28. g3 h5 29. Ra1 Qc5+ 30. Rd4 gxf4+ 31. gxf4 Bxh3 32. Rg1+ Bg4 33. f5 Qe5 34. Qb8+ Kh7 35. Qxd6 Qg7 36. f6 Qg5+ 37. Qf4 Qh4 38. Rxg4 hxg4 39. Rd7 Qe1+ 40. Kd3 Qd1+ 41. Qd2 Qf1+ 42. Kc3 g3 43. Rxf7+ Kg6 44. Rg7+ Kxf6 45. Qg5+ Ke6 46. Qd5+ Kf6 47. Qf7+ Ke5 48. Qxf1 g2 49. Rxg2 a3 50. Qf5+ 1-0


[Site "https://www.chess.com"]

[Event "Titled Tuesday Blitz February 28 Early 2023"]
[White "Delgado Rosas, Fatima Alexandra"]
[Black "Baches Garcia, Guillermo"]
[WhiteFideId "6603963"]
[BlackFideId "2209764"]
[WhiteElo "2331"]
[BlackElo "2493"]
[Result "0-1"]
[Round "08"]
[TimeControl "180+2"]
[Date "2023.02.28"]
[WhiteClock "0:02:27"]
[BlackClock "0:02:06"]

1. d4 Nf6 2. c4 e6 3. Nc3 d5 4. cxd5 Nxd5 5. Nf3 c5 6. Nxd5 Qxd5 7. e3 Nc6 8. Bb5 cxd4 9. Bxc6+ bxc6 10. Qxd4 Ba6 11. Bd2 Rd8 12. Bc3 Qb5 0-1


[Site "https://www.chess.com"]

[Event "Titled Tuesday Blitz February 28 Early 2023"]
[White "Liu, Casper"]
[Black "Novikov, Evgenij"]
[WhiteFideId "1454153"]
[BlackFideId "4125380"]
[WhiteElo "2221"]
[BlackElo "2242"]
[Result "1-0"]
[Round "08"]
[TimeControl "180+2"]
[Date "2023.02.28"]
[WhiteClock "0:01:44"]
[BlackClock "0:00:01"]

1. d4 Nf6 2. c4 g6 3. Nc3 Bg7 4. e4 O-O 5. h4 c5 6. d5 b5 7. e5 Ne8 8. Nf3 d6 9. h5 Bg4 10. hxg6 fxg6 11. Bh6 Nd7 12. e6 Ne5 13. Be2 Bxf3 14. gxf3 Bxh6 15. Rxh6 Ng7 16. Nxb5 Nf5 17. Rh3 Rb8 18. f4 a6 19. Nc3 Rxb2 20. fxe5 Nd4 21. Qc1 Rxe2+ 22. Nxe2 Nf3+ 23. Kf1 h5 24. Qh6 Nxe5 25. Nf4 Rf6 26. Nxh5 gxh5 27. Rg3+ Ng4 28. Qxh5 Rxf2+ 29. Kg1 Rf6 30. Qxg4+ 1-0


[Site "https://www.chess.com"]

[Event "Titled Tuesday Blitz February 28 Early 2023"]
[White "Cabezas Solano, David Alejandro"]
[Black "Balla, Tamas-Kristof"]
[WhiteFideId "6507522"]
[BlackFideId "1208497"]
[WhiteElo "2030"]
[BlackElo "2334"]
[Result "0-1"]
[Round "08"]
[TimeControl "180+2"]
[Date "2023.02.28"]
[WhiteClock "0:00:01"]
[BlackClock "0:00:12"]

1. d4 d5 2. c4 e6 3. Nf3 c5 4. cxd5 exd5 5. Nc3 Nc6 6. Bf4 Nf6 7. e3 Be7 8. Be2 O-O 9. O-O Bg4 10. dxc5 Bxc5 11. Rc1 Re8 12. Bg5 Be7 13. h3 Be6 14. Nb5 h6 15. Bf4 Rc8 16. Nfd4 a6 17. Nxc6 bxc6 18. Na7 Ra8 19. Nxc6 Qb6 20. Nxe7+ Rxe7 21. Rc2 Rd8 22. Be5 Ne4 23. Bd4 Qb7 24. Qd3 Bf5 25. Qd1 Qd7 26. Bd3 Re6 27. f3 Ng3 28. Rff2 Rg6 29. Bxf5 Nxf5 30. Qd3 Nh4 31. Kf1 Rc8 32. Rxc8+ Qxc8 33. Rc2 Qb8 34. f4 Nf5 35. Be5 Ng3+ 36. Kf2 Qb7 37. Rc3 d4 38. Qxd4 Ne4+ 39. Ke2 Nxc3+ 40. Qxc3 Rxg2+ 41. Kd3 Qd5+ 42. Bd4 Qf5+ 43. e4 Rg3+ 44. Be3 Qxf4 45. Qc8+ Kh7 46. Qc5 Rxh3 47. Kd2 Rh2+ 48. Kd3 Qf1+ 49. Kd4 Qd1+ 0-1


[Site "https://www.chess.com"]

[Event "Titled Tuesday Blitz February 28 Early 2023"]
[White "Melikhov, Evgeny V."]
[Black "Golubev, Mikhail"]
[WhiteFideId "4122046"]
[BlackFideId "14100983"]
[WhiteElo "2158"]
[BlackElo "2374"]
[Result "1/2-1/2"]
[Round "08"]
[TimeControl "180+2"]
[Date "2023.02.28"]
[WhiteClock "0:00:12"]
[BlackClock "0:00:08"]

1. d4 Nf6 2. c4 d6 3. Nc3 g6 4. e4 Bg7 5. f3 O-O 6. Be3 a6 7. Nge2 b5 8. Qd2 Nbd7 9. Bh6 Bxh6 10. Qxh6 b4 11. Nd5 e5 12. h4 c5 13. dxc5 Nxd5 14. cxd5 Nxc5 15. Qe3 a5 16. Ng3 Qf6 17. h5 Qf4 18. Qxf4 exf4 19. Ne2 Nd3+ 20. Kd2 Nxb2 21. Nxf4 Na4 22. h6 Nc3 23. a3 Bd7 24. Bd3 Rfc8 25. Bc2 Kf8 26. axb4 axb4 27. Rxa8 Rxa8 28. Bb3 Nb5 29. Rb1 Rb8 30. Rb2 Ke7 31. Ba4 Na3 32. Bb3 Bb5 33. Nd3 Bxd3 34. Kxd3 Rc8 35. Ba4 Rc3+ 36. Ke2 Rc4 37. Kd3 Rc3+ 38. Ke2 Rc4 39. Kd3 Rc3+ 1/2-1/2


[Site "https://www.chess.com"]

[Event "Titled Tuesday Blitz February 28 Early 2023"]
[White "Ciuffoletti, Paolo"]
[Black "Womacka, Mathias"]
[WhiteFideId "807630"]
[BlackFideId "4611390"]
[WhiteElo "2143"]
[BlackElo "2377"]
[Result "0-1"]
[Round "08"]
[TimeControl "180+2"]
[Date "2023.02.28"]
[WhiteClock "0:00:14"]
[BlackClock "0:00:39"]

1. e4 c5 2. d4 cxd4 3. c3 dxc3 4. Nxc3 Nc6 5. Nf3 d6 6. Bc4 a6 7. O-O Nf6 8. h3 e6 9. Qe2 Be7 10. Rd1 Bd7 11. Bg5 Qb8 12. Rd2 Ne5 13. Bb3 Bc6 14. Rad1 O-O 15. Bxf6 Bxf6 16. Rxd6 Qc7 17. R6d2 Rad8 18. Nd4 Bd7 19. f4 Nc6 20. e5 Nxd4 21. Rxd4 Be7 22. Kh2 Bc6 23. Bc2 Rxd4 24. Rxd4 Rd8 25. Qd3 g6 26. Ne4 Rxd4 27. Qxd4 Bd5 28. Bb3 Bxb3 29. axb3 Kg7 30. Nd6 Qc6 31. b4 b6 32. Qc4 Qxc4 33. Nxc4 b5 34. Na5 Bxb4 35. Nc6 Bd2 36. g3 a5 37. Kg2 a4 38. Kf3 Bc1 39. Nd4 Bxb2 40. Nxb5 a3 41. Nxa3 Bxa3 42. Ke4 Kf8 43. g4 Ke7 44. f5 Kd7 45. h4 Kc6 46. h5 gxh5 47. gxh5 Kc5 48. Kf4 Bc1+ 49. Kg4 Kd5 50. fxe6 fxe6 0-1


[Site "https://www.chess.com"]

[Event "Titled Tuesday Blitz February 28 Early 2023"]
[White "Vivas Zamora, Fabian Ernesto"]
[Black "Sliwicki, Damian"]
[WhiteFideId "3902480"]
[BlackFideId "1127128"]
[WhiteElo "2262"]
[BlackElo "1988"]
[Result "1-0"]
[Round "08"]
[TimeControl "180+2"]
[Date "2023.02.28"]
[WhiteClock "0:00:04"]
[BlackClock "0:00:18"]

1. c4 Nf6 2. Nc3 e6 3. e4 d5 4. e5 Nfd7 5. cxd5 Nxe5 6. d4 Ng6 7. dxe6 Bxe6 8. h4 Bb4 9. h5 Ne7 10. Nf3 O-O 11. Bd3 Nbc6 12. Kf1 Kh8 13. Be3 Bg4 14. Rh4 f5 15. Qb3 Bxf3 16. gxf3 Bxc3 17. bxc3 Nd5 18. Rh2 f4 19. Bd2 Qg5 20. h6 Ne3+ 21. fxe3 fxe3 22. hxg7+ Kxg7 23. Rxh7+ Kf6 24. Qb5 exd2 25. Qxg5+ Kxg5 26. Ke2 Rae8+ 27. Be4 Rxf3 28. Kxf3 Rf8+ 29. Ke3 Re8 30. Rg1+ Kf6 31. Rf1+ Kg5 32. Kd3 Rd8 33. Rg7+ Kh6 34. Rg6+ Kh7 35. Rh1# 1-0


[Site "https://www.chess.com"]

[Event "Titled Tuesday Blitz February 28 Early 2023"]
[White "Rose, Felix"]
[Black "Fieberg, Samuel"]
[WhiteFideId "5105722"]
[BlackFideId "12901717"]
[WhiteElo "2039"]
[BlackElo "2462"]
[Result "0-1"]
[Round "08"]
[TimeControl "180+2"]
[Date "2023.02.28"]
[WhiteClock "0:00:15"]
[BlackClock "0:00:47"]

1. e4 e6 2. d4 d5 3. Nc3 Nf6 4. e5 Nfd7 5. f4 c5 6. Nf3 Nc6 7. Be3 cxd4 8. Nxd4 Qb6 9. Qd2 Qxb2 10. Rb1 Qa3 11. Bb5 Nxd4 12. Bxd4 a6 13. Bxd7+ Bxd7 14. Rxb7 Bb4 15. O-O Bc8 16. Rb6 O-O 17. Rf3 Bd7 18. Nb1 Qxf3 19. Rxb4 Qg4 20. h3 Qg6 21. Rb7 Ba4 22. Na3 Rfc8 23. c3 Rab8 24. Qb2 Bb5 25. Rxb8 Rxb8 26. Nc2 Rb7 27. Ne3 h5 28. Kh2 Bc6 29. Qf2 Rb1 30. Qh4 Rb2 31. c4 Re2 32. cxd5 Bxd5 33. Qd8+ Kh7 34. Qg5 Qxg5 35. fxg5 Bxa2 36. Kg3 a5 0-1


[Site "https://www.chess.com"]

[Event "Titled Tuesday Blitz February 28 Early 2023"]
[White "Rodriguez Fontecha, Marcos"]
[Black "Kuchava, Ana"]
[WhiteFideId "2256576"]
[BlackFideId "13605348"]
[WhiteElo "2263"]
[BlackElo "2001"]
[Result "1-0"]
[Round "08"]
[TimeControl "180+2"]
[Date "2023.02.28"]
[WhiteClock "0:00:27"]
[BlackClock "0:00:03"]

1. Nf3 d5 2. d4 Nf6 3. g3 Bf5 4. Bg2 e6 5. c4 c6 6. Qb3 Qb6 7. c5 Qxb3 8. axb3 Nbd7 9. b4 a6 10. Nbd2 Be7 11. Nb3 O-O 12. Na5 Ra7 13. O-O Ne4 14. Bf4 f6 15. b5 cxb5 16. c6 g5 17. Be3 Nb6 18. cxb7 Nc4 19. b8=Q Rxb8 20. Nc6 Rab7 21. Nxb8 Rxb8 22. Rxa6 Nxb2 23. Ra7 Kf7 24. h4 h6 25. Nd2 Nxd2 26. Bxd2 Ke8 27. hxg5 hxg5 28. f3 Nc4 29. Bc1 b4 30. e4 dxe4 31. fxe4 Bg4 32. Rf2 b3 33. Bb2 Bd1 34. Bf1 Bc2 35. Bxc4 Rc8 36. Bxe6 1-0


[Site "https://www.chess.com"]

[Event "Titled Tuesday Blitz February 28 Early 2023"]
[White "Pissama Ntsaou, Martial"]
[Black "Vifleemskaia, Svetlana"]
[WhiteFideId "17400864"]
[BlackFideId "4129490"]
[WhiteElo "2067"]
[BlackElo "1930"]
[Result "0-1"]
[Round "08"]
[TimeControl "180+2"]
[Date "2023.02.28"]
[WhiteClock "0:00:14"]
[BlackClock "0:00:10"]

1. e4 e5 2. Nf3 Nc6 3. Bc4 Nf6 4. d3 Be7 5. O-O O-O 6. Re1 d5 7. exd5 Nxd5 8. Nxe5 Nxe5 9. Rxe5 Nb6 10. Bb3 Bd6 11. Re1 Qh4 12. g3 Qh3 13. Qf3 Bg4 14. Qg2 Qh5 15. Nd2 Rae8 16. Ne4 Bf3 17. Qf1 Kh8 18. Bd2 Be5 19. Bc3 f5 20. Bxe5 Rxe5 21. Nd2 Be2 22. Qg2 Rfe8 23. f4 Re3 24. a4 c6 25. a5 Nd7 26. a6 bxa6 27. Bc4 Nf6 28. h3 Qg6 29. Bxa6 Rxg3 0-1


[Site "https://www.chess.com"]

[Event "Titled Tuesday Blitz February 28 Early 2023"]
[White "Eynullayev, Atilla"]
[Black "Sailer, Mike"]
[WhiteFideId "13413570"]
[BlackFideId "2012901"]
[WhiteElo "2181"]
[BlackElo "2109"]
[Result "0-1"]
[Round "08"]
[TimeControl "180+2"]
[Date "2023.02.28"]
[WhiteClock "0:00:04"]
[BlackClock "0:00:20"]

1. d4 d5 2. c4 Bf5 3. Nc3 e6 4. Qb3 Nc6 5. Qxb7 Nb4 6. e4 dxe4 7. c5 Nc2+ 8. Kd1 Nxa1 9. Bb5+ Ke7 10. Bg5+ f6 11. Be3 Kf7 12. Kc1 Ne7 13. Bc4 Rb8 14. Qxa7 Nc6 15. Qa4 Nb4 16. Kb1 Nd3 17. b3 Nxf2 18. Bxf2 e3+ 19. Kxa1 exf2 20. Nf3 Bg4 21. Qc6 Qe8 22. Qe4 Bxf3 23. gxf3 g6 24. d5 exd5 25. Qxd5+ Kg7 26. Rf1 Rd8 27. Qe4 Qxe4 28. Nxe4 f5 29. Ng5 Kf6 30. Ne6 Rd2 31. Kb1 Bh6 32. b4 Re8 33. Nxc7 Re1+ 0-1


[Site "https://www.chess.com"]

[Event "Titled Tuesday Blitz February 28 Early 2023"]
[White "Kalajzic, Ivan"]
[Black "Tarasova, Viktoriya"]
[WhiteFideId "14506378"]
[BlackFideId "4175840"]
[WhiteElo "2203"]
[BlackElo "2182"]
[Result "1-0"]
[Round "08"]
[TimeControl "180+2"]
[Date "2023.02.28"]
[WhiteClock "0:00:06"]
[BlackClock "0:00:05"]

1. b3 e5 2. Bb2 Nc6 3. e3 d5 4. Bb5 Bd6 5. f4 Qe7 6. Nf3 e4 7. Bxg7 exf3 8. Qxf3 f6 9. Bxh8 Be6 10. Nc3 O-O-O 11. Nxd5 Bxd5 12. Qxd5 Be5 13. Qxd8+ Kxd8 14. fxe5 Qxe5 15. O-O Qxb5 16. Bxf6+ Nxf6 17. Rxf6 Ne5 18. Rf5 Qe2 19. Rxe5 Qxd2 20. c4 c6 21. h3 Kc7 22. Rf1 Qxa2 23. Rf7+ Kb6 24. Ree7 Kc5 25. Rxb7 Qa1+ 26. Kh2 Qe5+ 27. Rf4 Qxe3 28. Rbf7 Qxb3 29. Rxa7 Qe3 30. Raf7 Kb4 31. h4 Qe5 32. Kh3 h5 33. c5+ Kb5 34. R7f5 Qe6 35. Rf3 Qd7 36. g4 hxg4+ 37. Kxg4 Qg7+ 38. Rg5 Qd7+ 39. Kg3 Qd1 40. h5 Qg1+ 41. Kf4 Qc1+ 42. Kf5 Qb1+ 43. Kf6 Qa1+ 44. Kg6 Qc1 45. Rff5 Qa1 46. h6 Qa8 47. h7 Qe8+ 48. Rf7 Qe6+ 49. Kg7 Qe8 50. h8=Q Qxh8+ 51. Kxh8 Kc4 52. Rf6 Kb5 53. Rgg6 1-0


[Site "https://www.chess.com"]

[Event "Titled Tuesday Blitz February 28 Early 2023"]
[White "Kavutskiy, Konstantin"]
[Black "Boraso, Alessio"]
[WhiteFideId "2026384"]
[BlackFideId "848077"]
[WhiteElo "2369"]
[BlackElo "2286"]
[Result "0-1"]
[Round "08"]
[TimeControl "180+2"]
[Date "2023.02.28"]
[WhiteClock "0:00:03"]
[BlackClock "0:00:03"]

1. d4 b5 2. e4 Bb7 3. Bd3 g6 4. Qe2 a6 5. Nc3 Bg7 6. Be3 d6 7. f4 Nd7 8. Nf3 Ngf6 9. h3 b4 10. e5 Nh5 11. Ne4 Bxe4 12. Bxe4 Ng3 13. Qd3 Nxh1 14. g4 Ng3 15. Bc6 O-O 16. Kf2 dxe5 17. dxe5 Nb6 18. Bxa8 Qxa8 19. Kxg3 Rd8 20. Qb3 a5 21. Re1 Qd5 22. Bxb6 Qxb3 23. cxb3 cxb6 24. Rc1 f6 25. Rc6 Rd5 26. e6 h5 27. Rxb6 f5 28. Rb8+ Kh7 29. Ng5+ Kh6 30. Nf7+ Kh7 31. gxh5 gxh5 32. Kh4 Kg6 33. Rb7 Bf6+ 34. Ng5 Rd4 35. Kg3 h4+ 36. Kf3 Rd3+ 37. Ke2 Rg3 38. Nf3 Rxh3 39. Ne5+ Bxe5 40. fxe5 f4 41. Rxe7 Re3+ 42. Kf2 Rxe5 43. Ra7 Kf6 44. e7 Rxe7 45. Rxa5 Kg6 46. Ra6+ Kg5 47. Ra5+ Kg4 48. Ra8 Rc7 49. Rg8+ Kf5 50. Rf8+ Ke4 51. Re8+ Kf5 52. Rf8+ Ke5 53. Re8+ Kd5 54. Rd8+ Ke4 55. Re8+ Kd3 56. Kf3 Kc2 57. Re2+ Kd3 58. Rg2 h3 59. Rg8 Rh7 60. Rd8+ Kc2 61. Rc8+ Kxb2 62. Rc7 Rxc7 0-1


[Site "https://www.chess.com"]

[Event "Titled Tuesday Blitz February 28 Early 2023"]
[White "Fernandez Garcia, Gumersindo"]
[Black "Fawzy, Adham"]
[WhiteFideId "24516740"]
[BlackFideId "10613129"]
[WhiteElo "2093"]
[BlackElo "2543"]
[Result "1-0"]
[Round "08"]
[TimeControl "180+2"]
[Date "2023.02.28"]
[WhiteClock "0:01:04"]
[BlackClock "0:00:04"]

1. d4 Nf6 2. Nf3 g6 3. c4 Bg7 4. Nc3 O-O 5. Bg5 h6 6. Bh4 c5 7. e3 cxd4 8. exd4 d5 9. c5 Ne4 10. Be2 Nc6 11. O-O Bg4 12. Re1 g5 13. Bg3 e6 14. Ne5 Nxe5 15. Nxe4 Bxe2 16. Rxe2 Nc6 17. Nd6 Nxd4 18. Rd2 Nf5 19. Nxf5 exf5 20. Rxd5 Qf6 21. Be5 Qe6 22. Bxg7 Kxg7 23. Qd4+ Qf6 24. Rd1 Rfe8 25. g3 Qxd4 26. R1xd4 Re7 27. Rxf5 Rc8 28. Rfd5 Rec7 29. b4 b6 30. cxb6 axb6 31. Rd6 Ra8 32. Rd2 b5 33. Rb6 g4 34. Rxb5 Rc1+ 35. Kg2 Re8 36. h3 gxh3+ 37. Kxh3 Ree1 38. a4 Rh1+ 39. Kg2 Rhg1+ 40. Kf3 Rc3+ 41. Ke2 Ra1 42. a5 Kf6 43. Rb6+ Kg5 44. a6 f5 45. b5 h5 46. Rb7 h4 47. gxh4+ Kxh4 48. a7 f4 49. f3 Kg3 50. Rg7+ Kh2 51. b6 Re3+ 52. Kf2 Raa3 53. Rh7# 1-0


[Site "https://www.chess.com"]

[Event "Titled Tuesday Blitz February 28 Early 2023"]
[White "Alahakoon, Isuru"]
[Black "Rottenwohrer Suarez, Juan"]
[WhiteFideId "9900993"]
[BlackFideId "32068182"]
[WhiteElo "1995"]
[BlackElo "2174"]
[Result "0-1"]
[Round "08"]
[TimeControl "180+2"]
[Date "2023.02.28"]
[WhiteClock "0:00:08"]
[BlackClock "0:00:21"]

1. Nf3 g6 2. d4 Bg7 3. e4 c5 4. dxc5 Qa5+ 5. Bd2 Qxc5 6. Nc3 Nf6 7. e5 Ng4 8. Ne4 Qd5 9. Qe2 Nxe5 10. Nxe5 Bxe5 11. c4 Qc6 12. Bh6 d6 13. O-O-O Be6 14. f4 d5 15. Nd2 Bf6 16. Kb1 Nd7 17. g4 dxc4 18. Bg2 Qb6 19. Ne4 O-O-O 20. g5 Bd4 21. Rc1 Kb8 22. Rhd1 Nc5 23. Nxc5 Qxc5 24. Qf3 Qb6 25. Rd2 c3 26. Rxd4 Qxb2# 0-1


[Site "https://www.chess.com"]

[Event "Titled Tuesday Blitz February 28 Early 2023"]
[White "Piriflillo"]
[Black "Tymrakiewicz, Rafal"]
[BlackFideId "1108832"]
[WhiteElo "2330"]
[BlackElo "2151"]
[Result "0-1"]
[Round "08"]
[TimeControl "180+2"]
[Date "2023.02.28"]
[WhiteClock "0:00:05"]
[BlackClock "0:00:10"]

1. Nf3 d5 2. c4 d4 3. g3 f6 4. Bg2 e5 5. d3 c5 6. O-O Nc6 7. e3 Bg4 8. h3 Bh5 9. exd4 cxd4 10. Nbd2 Bd6 11. a3 a5 12. Ne4 Bc7 13. Re1 Nge7 14. Nc5 Qc8 15. Na4 O-O 16. c5 Bf7 17. Nd2 Qd7 18. Qc2 Rad8 19. Nc4 Nc8 20. Bd2 Rfe8 21. b4 axb4 22. axb4 N6e7 23. Bxb7 Nd5 24. Kh2 Qb5 25. c6 Nde7 26. Na3 Qd5 27. b5 f5 28. Qc5 Qf3 29. b6 Qxf2+ 30. Kh1 Nxb6 31. Nxb6 Qxd2 32. Nbc4 Qf2 33. Nxe5 Qxg3 34. Nac4 Rd5 35. Qb4 Rxe5 36. Nxe5 Bxe5 37. Rxe5 Qxe5 38. Re1 Bd5+ 39. Kg1 Qg3+ 40. Kf1 Qf3+ 41. Kg1 Qg2# 0-1


[Site "https://www.chess.com"]

[Event "Titled Tuesday Blitz February 28 Early 2023"]
[White "Buscar, Michael"]
[Black "Chernov, Mikhail"]
[WhiteFideId "2603616"]
[BlackFideId "24143170"]
[WhiteElo "2010"]
[BlackElo "2113"]
[Result "1-0"]
[Round "08"]
[TimeControl "180+2"]
[Date "2023.02.28"]
[WhiteClock "0:00:03"]
[BlackClock "0:00:01"]

1. Nf3 c5 2. b3 Nc6 3. Bb2 d6 4. g3 e5 5. e4 g6 6. Bg2 Bg7 7. O-O Nge7 8. c4 O-O 9. Nc3 f5 10. d3 fxe4 11. dxe4 Nd4 12. Nd5 Nxd5 13. Bxd4 cxd4 14. cxd5 Bh6 15. Ne1 Bd7 16. a4 Qa5 17. f4 Rac8 18. Nd3 Rc3 19. fxe5 Rxd3 20. Rxf8+ Kxf8 21. Qxd3 dxe5 22. Rf1+ Kg8 23. Qf3 Qd8 24. Qf7+ Kh8 25. d6 Qe8 26. Qxe8+ Bxe8 27. Bh3 Bc6 28. d7 Be3+ 29. Kg2 Bxe4+ 30. Rf3 Bg5 31. Kf2 Kg7 32. Ke2 Bxf3+ 33. Kxf3 d3 34. Ke4 d2 35. Bg4 Kf8 36. Kxe5 Ke7 37. h4 Be3 38. h5 Bf2 39. Kf4 b6 40. hxg6 hxg6 41. Bd1 Kxd7 42. Kg5 Bxg3 43. Kxg6 Kd6 44. Kf5 Kc5 45. Ke4 Kb4 46. Kd3 Be1 47. Kc2 1-0


[Site "https://www.chess.com"]

[Event "Titled Tuesday Blitz February 28 Early 2023"]
[White "Balint, Vilmos"]
[Black "Jiganchine, Roman"]
[WhiteFideId "718050"]
[BlackFideId "2603667"]
[WhiteElo "2034"]
[BlackElo "2290"]
[Result "1-0"]
[Round "08"]
[TimeControl "180+2"]
[Date "2023.02.28"]
[WhiteClock "0:01:38"]
[BlackClock "0:00:06"]

1. e4 c6 2. d4 d5 3. e5 Bf5 4. Nf3 e6 5. Be2 Nd7 6. O-O a6 7. c4 dxc4 8. Bxc4 Ne7 9. Nc3 Nb6 10. Bd3 Bxd3 11. Qxd3 Ned5 12. Ne4 Be7 13. a3 h6 14. Bd2 O-O 15. Ba5 Qd7 16. Rac1 Rac8 17. b3 Na8 18. Rfd1 Nf4 19. Qf1 Qd5 20. Ned2 Qxa5 21. g3 Ng6 22. Nc4 Qd8 23. h4 h5 24. Qe2 Nb6 25. Na5 Rc7 26. Ne1 Bxa3 27. Ra1 Bb4 28. Qxh5 Bxe1 29. Rxe1 Qxd4 30. Qe2 Nd7 31. Nc4 b5 32. h5 bxc4 33. hxg6 fxg6 34. bxc4 Rf5 35. Rad1 Qc5 36. Qg4 Nxe5 37. Rd8+ Kh7 38. Qh3+ Rh5 39. Qxe6 Nf3+ 40. Kf1 Rh1+ 41. Kg2 Nxe1+ 42. Kxh1 Qh5+ 43. Kg1 Nf3+ 44. Kg2 Ne1+ 45. Qxe1 Rf7 46. Qe4 Qf5 47. Qh4+ Qh5 48. Qe4 Qf5 49. Qe3 g5 50. Rd6 g4 51. Rxc6 Qf3+ 52. Qxf3 gxf3+ 53. Kh3 Ra7 54. Rb6 a5 55. Rb3 a4 56. Ra3 Kg6 57. Kg4 Kf6 58. Kxf3 Ke5 59. Ke3 g5 60. f4+ gxf4+ 61. gxf4+ Kf5 62. Kf3 Ra6 63. c5 Ra5 64. c6 Rc5 65. Rxa4 Rc3+ 66. Ke2 Rxc6 67. Ke3 Re6+ 68. Kf3 Rc6 69. Ra5+ Kf6 70. Kg4 Rc4 71. Rd5 Rb4 72. Rh5 Ra4 73. Rh6+ Kg7 74. Rb6 Ra5 75. f5 Ra1 76. Kg5 Rg1+ 77. Kf4 Rf1+ 78. Ke5 Re1+ 79. Kd4 Rd1+ 80. Ke3 Re1+ 81. Kf2 Re5 82. f6+ Kf7 83. Kg3 Re6 84. Rb7+ Kxf6 85. Rb5 Re5 86. Rb8 Re6 87. Kf4 Rd6 88. Rh8 Rc6 89. Rh6+ Kg7 90. Rxc6 1-0


[Site "https://www.chess.com"]